 Dungeon Sprint DCSS version 0.27.1-33-g824d729ab1 (webtiles) character file.

Game seed: 3385512949945625288

37 Descartes the Ducker (level 3, -1/31 HPs)
             Began as a Djinni Warper on Dec 27, 2021.
             Slain by a sky beast (5 damage)
             ... in the Dungeon (Sprint IX: "|||||||||||||||||||||||||||||").
             The game lasted 00:00:31 (89 turns).

Descartes the Ducker (Djinni Warper)                  Turns: 89, Time: 00:00:32

Health: -1/31      AC:  3    Str: 11    XL:     3   Next: 62%
Gold:   0          EV: 12    Int: 14    God:
                   SH:  0    Dex: 12

rFire    + + .     SeeInvis .   a - +0 falchion
rCold    x . .     Faith    .   (no shield)
rNeg     . . .     Spirit   .   b - +0 leather armour
rPois    ∞         Reflect  .   (no helmet)
rElec    .         Harm     .   (no cloak)
rCorr    .         Rampage  .   (no gloves)
Will     .....     NoTele   +   (boots unavailable)
Stlth    +.........             (no amulet)
HPRegen  0.10/turn              (no ring)
MPRegen  0.00/turn              (no ring)

@: flying
A: sickness immunity, fire resistance 2, cold vulnerability 1, float, innate
caster, hp casting, extra vitality 1
a: no special abilities


You were in the Dungeon.
You visited 1 branch

Inventory:

Hand Weapons
 a - a +0 falchion (weapon)
Missiles
 d - 5 boomerangs of dispersal (quivered)
Armour
 b - a +0 leather armour (worn)
Scrolls
 c - 2 scrolls of blinking
Potions
 e - a potion of curing
 g - a potion of haste
 h - a potion of berserk rage


   Skills:
 + Level 3.7 Fighting
 + Level 3.3 Long Blades
 - Level 0.7 Throwing
 - Level 1.0 Armour
 + Level 4.1 Dodging
 + Level 3.4 Spellcasting


You couldn't memorise any spells.
You knew the following spells:

 Your Spells              Type           Power      Damage    Failure   Level
a - Blink                 Tloc           N/A        N/A       10%         2
b - Lesser Beckoning      Tloc           6%         N/A       21%         3
c - Gell's Gravitas       Tloc           6%         N/A       21%         3
d - Teleport Other        Tloc           12%        N/A       21%         3
e - Manifold Assault      Tloc           12%        N/A       88%         5
f - Beastly Appendage     Tmut           24%        N/A       7%          1
Your spell library was empty.

Dungeon Overview and Level Annotations

Branches:
Dungeon (1/1)

Altars:


Innate Abilities, Weirdness & Mutations

You are immune to sickness and miasma.
You are immune to poison.
Your flesh is very heat resistant. (rF++)
You are vulnerable to cold. (rC-)
You float through the air rather than walking.
You learn spells naturally, not from books.
Your magical power is your life essence.
You have superior vitality. (+4 HP)


Message History

You kill the hound!
Your Fighting skill increases to level 3!
Your Long Blades skill increases to level 3!
Your Dodging skill gained 2 levels and is now at level 4!
Your Spellcasting skill increases to level 3!
You have reached level 3!
Your experience leads to an increase in your attributes!
Increase (S)trength, (I)ntelligence, or (D)exterity?
You feel stronger.
The power to cast Beastly Appendage wells up from within.
Spell assigned to 'f'.
You feel much better.
The sky beast flickers out of sight!
Deactivating autopickup; reactivate with Ctrl-A.
Something hits you. Something shocks you.
Okay, then.
You barely miss something.
A sky beast appears from thin air!
Reactivating autopickup.
The sky beast hits you but does no damage.
You barely miss the sky beast. The sky beast barely misses you.
You hit the sky beast.
The sky beast is moderately wounded.
The sky beast closely misses you.
You barely miss the sky beast.
The sky beast is moderately wounded.
The sky beast flickers out of sight!
Deactivating autopickup; reactivate with Ctrl-A.
Something hits you but does no damage.
You completely miss something. Something barely misses you. Something hits you.
Something shocks you.
You miss something. Something hits you but does no damage.
You hit something.
A sky beast appears from thin air!
Reactivating autopickup.
The sky beast hits you. The sky beast shocks you.
* * * LOW HITPOINT WARNING * * *
You hit the sky beast but do no damage.
The sky beast is moderately wounded.
The sky beast hits you.
* * * LOW HITPOINT WARNING * * *
The sky beast shocks you.
You die... ▓▓▓▓▓▓▓▓▓▓▓▓▓▓▓▓▓▓ ▓<...†....@YolZ..+ ▓▓▓▓▓▓▓▓▓▓▓▓▓▓▓▓▓▓

You could see a sky beast, an iguana, an orc and a giant cockroach zombie.

Vanquished Creatures
  A hound (D)
  A ball python (D)
  A bat (D)
  2 hobgoblins (D)
  A rat (D)
6 creatures vanquished.

Notes
Turn   | Place    | Note
-------+----------+-------------------------------------------
     0 | D        | Descartes the Djinni Warper began the quest for the Orb.
     0 | D        | Reached XP level 1. HP: 18/18 MP: 0/0
     4 | D        | Banished a spatial maelstrom
    27 | D        | Reached XP level 2. HP: 21/24 MP: 0/0
    69 | D        | Noticed a sky beast
    81 | D        | Reached skill level 4 in Dodging
    81 | D        | Reached XP level 3. HP: 13/31 MP: 0/0
    81 | D        | Learned a level 1 spell: Beastly Appendage
    89 | D        | Slain by a sky beast

Illustrated notes

Levels and vault maps discovered:
D:        linesprint [early_d, line_temple, items_1, d_10, items_2, lair_1,
          lair_end, items_3, orc_1, orc_end, items_4, d_15, swamp_1, shoals_1,
          snake_1, spider_1, d_20, vaults_1, items_5, swamp_end, shoals_end,
          snake_end, spider_end, vaults_end, d_27, items_6, zot_1, zot_end,
          crypt_end, forest_end, elf_end, slime_end, tomb_end, abyss_end,
          pan_hell_end]

Skill      XL: |  1  2 |
---------------+-------+-----
Long Blades    | 2 3 |  3.3
Fighting       | 3 |  3.7
Dodging        | 4 |  4.1
Spellcasting   | 3 |  3.4
Throwing       | |  0.7
Armour         | |  1.0

Action                   || total
-------------------------++-------
Melee: Falchion          ||    42
  Use: Potion            ||     1
Armor: Leather armour    ||    16
Dodge: Dodged            ||    33
       Rpst.: Falchion   ||     8
